 Dungeon Crawl Stone Soup version 0.31-a0-263-ge8cad7f256 (webtiles) character file.

Game seed: 6707566395177763752

56 qw the Shooter (level 3, -1/29 HPs)
             Began as a Minotaur Hexslinger on July 13, 2023.
             Slain by Sigmund
             ... wielding a +0 scythe
              (8 damage)
             ... on level 2 of the Dungeon.
             The game lasted 00:00:27 (806 turns).

qw the Shooter (Minotaur Hexslinger)                 Turns: 806, Time: 00:00:28

Health: -1/29      AC:  4    Str: 12    XL:     3   Next: 69%
Magic:  3/3        EV:  9    Int: 10    God:
Gold:   66         SH:  0    Dex: 14    Spells: 3/4 levels left

rFire   . . .        Y - +1 sling
rCold   . . .        (no shield)
rNeg    . . .        j - +0 leather armour
rPois   .            (helmet restricted)
rElec   .            d - +0 cloak
rCorr   +            (no gloves)
SInv    .            (no boots)
Will    .....        (no amulet)
Stlth   +            h - ring of resist corrosion
HPRegen 0.24/turn    (no ring)
MPRegen 0.08/turn

%: no passive effects
@: constricted
A: horns 2, retaliatory headbutt
a: no special abilities


You were on level 2 of the Dungeon.
You visited 1 branch of the dungeon, and saw 2 of its levels.

You collected 66 gold pieces.


Innate Abilities, Weirdness & Mutations

You have a pair of horns on your head.
You reflexively headbutt those who attack you in melee.


   Skills:
 - Level 2.0 Fighting
 + Level 4.3 Ranged Weapons
 - Level 2.1 Dodging
 - Level 1.0 Spellcasting
 - Level 2.0 Hexes


You had 3 spell levels left.
You knew the following spells:

 Your Spells              Type           Power      Damage    Failure   Level
a - Slow                  Hex            16%        N/A       19%         1

Your spell library contained the following spells:

 Spells                   Type           Power      Damage    Failure   Level
 Inner Flame              Hex/Fire       2%         N/A       65%         3
 Portal Projectile        Hex/Tloc       4%         N/A       65%         3
 Cause Fear               Hex            2%         N/A       88%         4

Inventory:

Hand Weapons
 Y - a +1 sling (weapon)
Armour
 d - a +0 cloak (worn)
 j - a +0 leather armour (worn)
Jewellery
 h - a ring of resist corrosion (left hand)
Potions
 e - a potion of might {unknown}

Dungeon Overview and Level Annotations

Branches:
Dungeon (2/15)

Altars:

Annotations:
D:2 Robin, Sigmund


Message History

The adder is severely wounded.
You shoot a sling bullet. The sling bullet hits the adder.
The adder is almost dead.
The adder closely misses you. The adder barely misses you.
Sigmund hits you from afar with a +0 scythe.
You shoot a sling bullet. The sling bullet hits the adder.
You kill the adder!
Sigmund casts a spell.
Sigmund flickers and vanishes!
Deactivating autopickup; reactivate with Ctrl-A.
You shoot a sling bullet.
A ball python comes into view.
You hear some strange, mumbled words.
You are confused.
The ball python hisses angrily.
You hear a shout!
Something hits you.
A hobgoblin comes into view.
Something completely misses you.
Robin of the Strong Arm comes into view.
They are wielding a +0 spear.
Robin shouts!
You hear a shout!
Something hits you. The ball python barely misses you.
The ball python grabs you. The ball python constricts you.
A rat comes into view.
Robin says, "A pitiful Minotaur like you will never find the ORB!"
The ball python bites you but does no damage.
The ball python constricts you. Something hits you.
The ball python bites you but does no damage.
The ball python constricts you.
You feel less confused.
The ball python bites you but does no damage.
The ball python constricts you. Something hits you.
You shoot a sling bullet. The sling bullet hits the ball python.
The ball python is moderately wounded.
Robin roars a battlecry!
The ball python bites you. The ball python constricts you.
A goblin comes into view. It is wielding a +2 dagger of venom.
Something hits you!
You die...

..#.# #.#..#
###.# #.#..#
....# #.#..# .
##..# #.#..#
#####.. #..#
#.#..#####.......
#..# #..........#
.... ##..#
####.....(.#.....
....#
####..##....#
....# ##.@S{...#
##### #.%...#...
#....g.#
#.!.##r... #....
... #.##.. #g #..
.## #. #.


You could see Robin, a goblin (wandering, strong), a ball python and a rat.

Vanquished Creatures
  A gnoll (D:1)
  An adder (D:2)
  A dart slug (D:1)
  7 ball pythons (D:1)
  4 endoplasms
  3 giant cockroaches (D:1)
  A goblin (D:1)
  A hobgoblin (D:1)
  3 kobolds (D:1)
  2 quokkas (D:1)
  5 bats (D:1)
  5 rats (D:1)
34 creatures vanquished.

Notes
Turn   | Place    | Note
-------+----------+-------------------------------------------
     0 | D:1      | qw the Minotaur Hexslinger began the quest for the Orb.
     0 | D:1      | Reached XP level 1. HP: 16/16 MP: 1/1
     0 | D:1      | 0 ||| qw: Version: 0.3-a-52-g30416fa
     0 | D:1      | 0 ||| qw: Game counter: 7275
     0 | D:1      | 0 ||| qw: Melee chars always use a shield: true
     0 | D:1      | 0 ||| qw: God list: Okawaru
     0 | D:1      | 0 ||| qw: Allow faded altars: false
     0 | D:1      | 0 ||| qw: Do Orc after clearing Dungeon:15 true
     0 | D:1      | 0 ||| qw: Do second Lair branch before Depths: true
     0 | D:1      | 0 ||| qw: Lair rune preference: random
     0 | D:1      | 0 ||| qw: Goals: Normal
     0 | D:1      | 0 ||| PLANNING D:1-11
    56 | D:1      | Reached skill level 3 in Ranged Weapons
    56 | D:1      | Reached XP level 2. HP: 23/23 MP: 2/2
   374 | D:1      | Reached XP level 3. HP: 29/29 MP: 3/3
   521 | D:1      | Reached skill level 4 in Ranged Weapons
   656 | D:1      | 656 ||| UPGRADING to +0 cloak.
   661 | D:1      | 661 ||| UPGRADING to +0 leather armour.
   671 | D:1      | 671 ||| DROPPING +0 robe.
   672 | D:1      | 672 ||| UPGRADING to ring of resist corrosion.
   673 | D:1      | 673 ||| READING scroll labelled PUKLER JIWOTHI.
   674 | D:1      | 674 ||| READING scroll labelled CIPTIPHYE GYUM.
   675 | D:1      | 675 ||| READING 2 scrolls labelled IFEFRUTR HIKLU.
   676 | D:1      | 676 ||| READING scroll labelled UNGASHR ZINLOZ.
   680 | D:1      | 680 ||| READING scroll labelled POF BIUHAEHESY.
   681 | D:1      | 681 ||| READING scroll labelled ZUOGIHO RY VUEWK.
   682 | D:1      | 682 ||| DROPPING scroll of poison.
   683 | D:1      | 683 ||| DROPPING scroll of immolation.
   792 | D:2      | Noticed Sigmund
   801 | D:2      | Noticed Robin
   806 | D:2      | HP: 7/29 [ball python (1)]
   806 | D:2      | Slain by Sigmund

Levels and vault maps discovered:
D:1:      dpeg_arrival_tiny_a, layout_rooms
D:2:      layout_basic, hangedman_decor_peaks_small, uniq_jessica, uniq_robin,
          uniq_sigmund

Skill      XL: |  1  2  3 |
---------------+----------+-----
Ranged Weapons | 3 4 |  4.3
Fighting       | 2 |  2.0
Dodging        | |  2.1
Spellcasting   | |  1.0
Hexes          | |  2.0

Action                     || total
---------------------------++-------
   Fire: Sling             ||   109
    Use: Scroll            ||     6
 Armour: Robe              ||    11
         Leather armour    ||     3
  Dodge: Dodged            ||    32

Table legend:
 A = Non-vault XP
 B = Vault XP
 C = Vault XP percentage of total XP
 D = Non-vault monster count
 E = Vault monster count
 F = Vault count percentage of total count
                 A         B        C        D         E       F
            +---------+---------+-------+---------+---------+-------
      Total |      80 |       0 |   0.0 |      34 |       0 |   0.0
            +---------+---------+-------+---------+---------+-------
        D:1 |      63 |       0 |   0.0 |      31 |       0 |   0.0
        D:2 |      17 |       0 |   0.0 |       3 |       0 |   0.0
            +---------+---------+-------+---------+---------+-------
